AoeStats
← Poison

Arena

509914255Analyzed
2v2 RM · 2d ago on Sep 28, 2026· 19m 47s· 4 players
Game mode
Random Map
Map size
Medium (4 player)
Population
200
Speed
Normal
Resources
Standard
Victory
Conquest
Starting age
Dark Age
Ending age
Imperial Age
RankedLock teamsTeams togetherTeam positionsShared explorationLock speedFull tech treeHidden civsTurbo modeCheats
Victory
Defeat
🇺🇦 Japanese · Ukraine
1239
+16
🇺🇦 Mongols · Ukraine
1239
+16
🇩🇪 Saxons · Germany
1261
-16
🇳🇱 Inca · Netherlands
1232
-16
defmester
12:02 Feudal Age
15:43 Castle Age
13:30 Loom
13:43 Horse Collar
oggysseus
10:25 Feudal Age
13:58 Castle Age
12:50 Double-Bit Axe
13:31 Horse Collar
15:10 Bow Saw
17:47 Sanctity
4.
10:00 Feudal Age
14:39 Castle Age
16:22 Scale Mail Armor
18:19 Double-Bit Axe
18:44 Horse Collar
Poison
11:16 Feudal Age
15:19 Castle Age
13:25 Double-Bit Axe
13:22 Horse Collar
17:23 Wheelbarrow
Connection lost

Rejoining the realm…

Still unreachable

The connection could not be restored.

Session expired

The server has moved on; the page needs a fresh start.